 Dungeon Crawl Stone Soup version 0.24.0-37-gcf1ca852f1 (webtiles) character file.

Game seed: 4338887532668108930, levelgen mode: deterministic

1360831 Vikmgn the Axe Maniac (level 27, -13/273 HPs)
             Began as a Minotaur Fighter on Nov 28, 2019.
             Was the Champion of Zin.
             Mangled by an Orb Guardian (22 damage)
             ... on level 5 of the Realm of Zot on Dec 6, 2019.
             The game lasted 07:29:21 (95001 turns).

Vikmgn the Axe Maniac (Minotaur Fighter)           Turns: 95001, Time: 07:29:21

Health: -13/273    AC: 35    Str: 29    XL:     27
Magic:  39/39      EV: 21    Int:  2    God:    Zin [******]
Gold:   6352       SH:  0    Dex: 14    Spells: 26/26 levels left

rFire    + + .     SeeInvis .   L - +9 executioner's axe (holy)
rCold    + + +     Gourm    .   (shield currently unavailable)
rNeg     + . .     Faith    .   w - +1 gold dragon scales
rPois    +         Spirit   .   H - +0 hat {MR+}
rElec    +         Reflect  .   r - scarf {repulsion}
rCorr    +         Harm     .   p - +1 pair of gloves of the Seventy-Seven Mice {Regen+}
MR       +++++                  R - +2 pair of boots {Fly}
Stlth    ..........             k - amulet of Brilliance {rElec rC+++ rN+ Regen+ Str-3}
HPRegen  1.35/turn              x - ring of resist corrosion
MPRegen  0.26/turn              Y - ring "Ledalagide" {rPois rF+ MR+++ Int-3 Dex+2}

@: flying, studying Slings, repel missiles
A: retaliatory headbutt, horns 2, screaming 2
}: 15/15 runes: decaying, serpentine, slimy, silver, golden, iron, obsidian,
icy, bone, abyssal, demonic, glowing, magical, fiery, dark
a: Recite, Vitalisation, Imprison, Sanctuary, Donate Gold, Renounce Religion,
Stop Flying


You were on level 5 of the Realm of Zot.
You worshipped Zin.
Zin was exalted by your worship.
You were not hungry.

You visited 18 branches of the dungeon, and saw 90 of its levels.
You visited Pandemonium 1 time, and saw 13 of its levels.
You visited the Abyss 3 times.
You visited 1 bazaar.
You also visited: Bailey and Ice Cave.

You collected 15752 gold pieces.
You spent 3648 gold pieces at shops.
You donated 5752 gold pieces to Zin.

Inventory:

Hand Weapons
 L - a +9 executioner's axe of holy wrath (weapon)
 M - the +5 war axe of Egeoriug {chop, rC++ Dex+2}
   (You took it off a deep elf knight on level 3 of the Elven Halls)

   It inflicts extra damage upon your enemies.
   It affects your dexterity (+2).
   It greatly protects you from cold.
Armour
 p - the +1 pair of gloves of the Seventy-Seven Mice (worn) {Regen+}
   (Okawaru gifted it to you on level 12 of the Dungeon)

   It increases your rate of regeneration.
 r - a scarf of repulsion (worn)
 w - +1 gold dragon scales (worn)
 H - a +0 hat of magic resistance (worn)
 R - a +2 pair of boots of flying (worn)
Jewellery
 d - an uncursed amulet of faith
 h - an uncursed amulet of harm
 k - the amulet of Brilliance (around neck) {rElec rC+++ rN+ Regen+ Str-3}
   (You found it on level 3 of the Crypt)

   [amulet of regeneration]

   It affects your strength (-3).
   It renders you almost immune to cold.
   It insulates you from electricity.
   It protects you from negative energy.
   It increases your rate of regeneration.
 l - the amulet of Twilight {Harm *Drain rElec rC++ rN+ Dex-2 Stlth+}
   (You found it on level 1 of the Realm of Zot)

   [amulet of harm]

   It increases damage dealt and taken.
   It affects your dexterity (-2).
   It greatly protects you from cold.
   It insulates you from electricity.
   It protects you from negative energy.
   It causes draining when unequipped.
   It makes you more stealthy.
 x - a ring of resist corrosion (left hand)
 z - an uncursed ring of see invisible
 D - the ring of Sovereignty {+Inv Str+9 Dex-5 Slay+3 Stlth+}
   (You found it in Pandemonium)

   [ring of stealth]

   It affects your strength (+9).
   It affects your dexterity (-5).
   It affects your accuracy and damage with ranged weapons and melee attacks
   (+3).
   It lets you turn invisible.
   It makes you more stealthy.
 I - the ring "Dir Vitt" {rN+ MR+}
   (You took it off a deep elf elementalist on level 5 of the Vaults)

   [ring of protection from magic]

   It protects you from negative energy.
   It affects your resistance to hostile enchantments.
 U - an uncursed ring of protection from fire
 W - an uncursed ring of protection from fire
 Y - the ring "Ledalagide" (right hand) {rPois rF+ MR+++ Int-3 Dex+2}
   (You found it on level 7 of Gehenna)

   [ring of poison resistance]

   It affects your intelligence (-3).
   It affects your dexterity (+2).
   It protects you from fire.
   It protects you from poison.
   It affects your resistance to hostile enchantments.
 Z - the ring "Teohuin" {rN+ MR+}
   (You found it in Pandemonium)

   [ring of protection from magic]

   It protects you from negative energy.
   It affects your resistance to hostile enchantments.
Scrolls
 a - 3 scrolls of summoning
 e - 29 scrolls of remove curse
 i - a scroll of amnesia
 n - 7 scrolls of fog
 o - 38 scrolls of teleportation
 v - 13 scrolls of enchant weapon
 y - a scroll of enchant armour
 A - a scroll of brand weapon
 B - 12 scrolls of fear
 F - 3 scrolls of identify
 P - 2 scrolls of silence
 X - 9 scrolls of magic mapping
Potions
 b - 5 potions of berserk rage
 c - 4 potions of resistance
 j - 19 potions of curing
 m - 3 potions of ambrosia
 t - a potion of magic
 C - 6 potions of might
 J - 5 potions of brilliance
 O - 14 potions of cancellation
 Q - 3 potions of mutation
 S - 6 potions of heal wounds
 V - 8 potions of agility
Books
 s - a manual of Slings
Miscellaneous
 g - a figurine of a ziggurat
 q - a lightning rod (4/4)
 G - a lightning rod (4/4)
 K - a lightning rod (4/4)
Comestibles
 f - 34 rations


   Skills:
 O Level 27 Fighting
   Level 3.7 Long Blades
 O Level 27 Axes
   Level 0.7(18.7) Maces & Flails
 O Level 27 Armour
 O Level 27 Dodging
 O Level 27 Shields
   Level 4.0 Transmutations
 O Level 27 Invocations
 * Level 24.7 Evocations


You had 26 spell levels left.
You didn't know any spells.
Your spell library contained the following spells:

 Spells                   Type           Power        Failure   Level  Hunger
 Beastly Appendage        Tmut           #.....       56%         1    ##.....
 Sticks to Snakes         Tmut           #.......     71%         2    ###....
 Passwall                 Tmut/Erth      #.......     94%         2    ###....
 Animate Skeleton         Necr           N/A          98%         1    ##.....
 Apportation              Tloc           #.....       98%         1    ##.....
 Confusing Touch          Hex            #.....       98%         1    ##.....
 Corona                   Hex            #......      98%         1    ##.....
 Flame Tongue             Conj/Fire      #....        98%         1    ##.....
 Freeze                   Ice            #...         98%         1    ##.....
 Infusion                 Chrm           #...         98%         1    ##.....
 Magic Dart               Conj           #...         98%         1    ##.....
 Pain                     Necr           #...         98%         1    ##.....
 Sandblast                Erth           #.....       98%         1    ##.....
 Shock                    Conj/Air       #...         98%         1    ##.....
 Sting                    Conj/Pois      #...         98%         1    ##.....
 Summon Butterflies       Summ           #.......     98%         1    ##.....
 Summon Small Mammal      Summ           #...         98%         1    ##.....
 Blink                    Tloc           N/A          99%         2    ###....
 Call Imp                 Summ           #.......     99%         2    ###....
 Corpse Rot               Necr           N/A          99%         2    ###....
 Ensorcelled Hibernation  Hex/Ice        #.....       99%         2    ###....
 Poisonous Vapours        Pois/Air       #.....       99%         2    ###....
 Searing Ray              Conj           #.....       99%         2    ###....
 Shroud of Golubria       Chrm/Tloc      #.....       99%         2    ###....
 Slow                     Hex            #.......     99%         2    ###....
 Song of Slaying          Chrm           #.......     99%         2    ###....
 Sublimation of Blood     Necr           #.........   99%         2    ###....
 Swiftness                Chrm/Air       #.......     99%         2    ###....
 Throw Flame              Conj/Fire      #.....       99%         2    ###....
 Throw Frost              Conj/Ice       #.....       99%         2    ###....
 Ignite Poison            Fire/Tmut/Pois #.......     99%         3    ####...
 Spider Form              Tmut/Pois      #.........   99%         3    ####...
 Call Canine Familiar     Summ           #.......     100%        3    ####...
 Confuse                  Hex            #.......     100%        3    ####...
 Conjure Flame            Conj/Fire      #.......     100%        3    ####...
 Dazzling Spray           Conj/Hex       #.....       100%        3    ####...
 Gell's Gravitas          Tloc           #.........   100%        3    ####...
 Inner Flame              Hex/Fire       #.......     100%        3    ####...
 Lesser Beckoning         Tloc           #.........   100%        3    ####...
 Mephitic Cloud           Conj/Pois/Air  #.......     100%        3    ####...
 Ozocubu's Armour         Chrm/Ice       #.......     100%        3    ####...
 Portal Projectile        Hex/Tloc       #.....       100%        3    ####...
 Recall                   Summ/Tloc      N/A          100%        3    ####...
 Regeneration             Chrm/Necr      #.........   100%        3    ####...
 Spectral Weapon          Hex/Chrm       #.......     100%        3    ####...
 Static Discharge         Conj/Air       #.......     100%        3    ####...
 Stone Arrow              Conj/Erth      #.....       100%        3    ####...
 Summon Guardian Golem    Hex/Summ       #.......     100%        3    ####...
 Tukima's Dance           Hex            #.......     100%        3    ####...
 Vampiric Draining        Necr           #.........   100%        3    ####...
 Animate Dead             Necr           N/A          100%        4    #####..
 Cause Fear               Hex            #.........   100%        4    #####..
 Force Lance              Conj/Tloc      #.......     100%        4    #####..
 Fulminant Prism          Conj/Hex       #.........   100%        4    #####..
 Ice Form                 Ice/Tmut       #.......     100%        4    #####..
 Iskenderun's Mystic Bla  Conj           #.......     100%        4    #####..
 Leda's Liquefaction      Hex/Erth       #.........   100%        4    #####..
 Olgreb's Toxic Radiance  Pois           #.......     100%        4    #####..
 Petrify                  Tmut/Erth      #.......     100%        4    #####..
 Summon Ice Beast         Ice/Summ       #.......     100%        4    #####..
 Throw Icicle             Conj/Ice       #.......     100%        4    #####..
 Agony                    Necr           #.......     100%        5    ######.
 Alistair's Intoxication  Tmut/Pois      #.......     100%        5    ######.
 Blade Hands              Tmut           #.........   100%        5    ######.
 Bolt of Draining         Conj/Necr      #.........   100%        5    ######.
 Bolt of Magma            Conj/Fire/Erth #.........   100%        5    ######.
 Borgnjor's Vile Clutch   Necr/Erth      #.........   100%        5    ######.
 Dispel Undead            Necr           #.......     100%        5    ######.
 Excruciating Wounds      Chrm/Necr      #.........   100%        5    ######.
 Fireball                 Conj/Fire      #.........   100%        5    ######.
 Irradiate                Conj/Tmut      #.........   100%        5    ######.
 Iskenderun's Battlesphe  Conj/Chrm      #.......     100%        5    ######.
 Lee's Rapid Deconstruct  Erth           #.........   100%        5    ######.
 Lightning Bolt           Conj/Air       #.........   100%        5    ######.
 Metabolic Englaciation   Hex/Ice        #.........   100%        5    ######.
 Silence                  Hex/Air        #.........   100%        5    ######.
 Summon Demon             Summ           #.........   100%        5    ######.
 Summon Forest            Summ/Tloc      #.........   100%        5    ######.
 Summon Mana Viper        Hex/Summ       #.......     100%        5    ######.
 Venom Bolt               Conj/Pois      #.........   100%        5    ######.
 Yara's Violent Unravell  Hex/Tmut       #.........   100%        5    ######.
 Bolt of Fire             Conj/Fire      #.........   100%        6    #######
 Conjure Ball Lightning   Conj/Air       #.........   100%        6    #######
 Darkness                 Hex            #.........   100%        6    #######
 Death Channel            Necr           #.........   100%        6    #######
 Deflect Missiles         Chrm/Air       #.........   100%        6    #######
 Dispersal                Tloc           #.........   100%        6    #######
 Freezing Cloud           Conj/Ice/Air   #.........   100%        6    #######
 Hydra Form               Tmut           #.........   100%        6    #######
 Invisibility             Hex            #.......     100%        6    #######
 Iron Shot                Conj/Erth      #.........   100%        6    #######
 Shadow Creatures         Summ           N/A          100%        6    #######
 Simulacrum               Ice/Necr       #.........   100%        6    #######
 Statue Form              Tmut/Erth      #........    100%        6    #######
 Dragon Form              Tmut           #.........   100%        7    #######
 Haunt                    Necr/Summ      #.........   100%        7    #######
 Malign Gateway           Summ/Tloc      #.........   100%        7    #######
 Orb of Destruction       Conj           #.........   100%        7    #######
 Ring of Flames           Chrm/Fire      #.........   100%        7    #######
 Spellforged Servitor     Conj/Summ      #.........   100%        7    #######
 Summon Hydra             Summ           #.........   100%        7    #######
 Borgnjor's Revivificati  Necr           #.........   100%        8    #######
 Controlled Blink         Tloc           N/A          100%        8    #######
 Death's Door             Chrm/Necr      #.........   100%        8    #######
 Discord                  Hex            #.........   100%        8    #######
 Disjunction              Tloc           #.........   100%        8    #######
 Ignition                 Fire           #.........   100%        8    #######
 Infestation              Necr           #.........   100%        8    #######
 Necromutation            Tmut/Necr      #.........   100%        8    #######
 Dragon's Call            Summ           #.........   100%        9    #######
 Shatter                  Erth           #.........   100%        9    #######
 Tornado                  Air            #.........   100%        9    #######


Dungeon Overview and Level Annotations

Branches:
Dungeon (15/15)            Temple (1/1) D:6            Lair (6/6) D:10
  Swamp (4/4) Lair:3        Snake (4/4) Lair:4        Slime (5/5) Lair:5
    Orc (2/2) D:10            Elf (3/3) Orc:2        Vaults (5/5) D:13
  Crypt (3/3) Vaults:3       Tomb (3/3) Crypt:3      Depths (5/5) D:15
   Hell (visited)             Dis (7/7) Hell            Geh (7/7) Hell
    Coc (7/7) Hell            Tar (7/7) Hell            Zot (5/5) Depths:5
 Bailey (visited)           IceCv (visited)

Altars:
Ashenzari
Cheibriados
Dithmenos
Elyvilon
Fedhas
Gozag
Hepliaklqana
Kikubaaqudgha
Makhleb
Nemelex Xobeh
Okawaru
Qazlal
Ru
Sif Muna
Trog
Uskayaw
Vehumet
Wu Jian
Xom
Yredelemnul
Zin
The Shining One
Jiyva

Shops:
D:8 *   Orc:2 =[?:   Snake:2 [*   Vaults:1 [   Vaults:3 :[=?   Depths:4 }=}

Portals:
Hell: Depths:1 Depths:2 Depths:3 Depths:4 Depths:5
Abyss: Depths:4
Pandemonium: Depths:1 Depths:3
Ziggurat: Depths:2

Annotations:
Crypt:2 2 transporters, exclusion: orange crystal statue
Depths:1 2 runed translucent doors
Dis:3 11 runed doors


Innate Abilities, Weirdness & Mutations

You reflexively headbutt those who attack you in melee.
You have a pair of horns on your head.
You sometimes yell uncontrollably at your foes.


Message History

The yellow draconian monk hits you!
* * * LOW HITPOINT WARNING * * *
The yellow draconian monk kicks you!
* * * LOW HITPOINT WARNING * * *
The yellow draconian monk tail-slaps you but does no damage.
You feel much better. The Orb Guardian hits you!!
* * * LOW HITPOINT WARNING * * *
The Orb Guardian hits you but does no damage.
The yellow draconian monk hits you.
* * * LOW HITPOINT WARNING * * *
The yellow draconian monk kicks you.
* * * LOW HITPOINT WARNING * * *
The yellow draconian monk tail-slaps you but does no damage.
Your blink will be uncontrolled - continue anyway?
The Orb prevents control of your translocation!
You blink.
As you read the scroll of blinking, it crumbles to dust.
The yellow draconian monk rages.
The Orb Guardian hits you!!
You die...

#...........# ##...........##
#.......^.....#
#.............#
#...............# ▓
########y######## #####
#.#.....q[..#.#<.# .##.#..
#......†#.#.X.#.. ......#
....#...##...q@#. ##...... #.
#.$....#.#..# ## #.......
....#.....###..####.. #...##..
+#+##..##...#'#...#..##....##.
#...#'###.##..###.......#.
##.##.##...###.##........#
###..'.....#..##..##...#.
+...##...####..#.##..#..
##...##.####....#...#...


You could see 2 draconians, an Orb Guardian (berserk) and a moth of wrath.

Vanquished Creatures
  Cerebov (Pan)
  Asmodeus (Geh:7)
  Antaeus (Coc:7)
  the Royal Jelly (Slime:5)
  Gloorx Vloq (Pan)
  Lom Lobon (Pan)
  Mnoleg (Pan)
  Dispater (Dis:7)
  An orb of fire (Zot:1)
  Mara (Depths:3)
  6 ancient liches
  2 juggernauts (Depths:5)
  Sojobo (Depths:1)
  4 pandemonium lords (Pan)
  13 greater mummies
  Boris (4 times) (Vaults:2 Vaults:3 Vaults:5 Tomb:3)
  10 shard shrikes
  Margery (Crypt:2)
  Bai Suzhen (Snake:4)
  A curse toe (Zot:4)
  Saint Roka (Vaults:2)
  A caustic shrike (Depths:2)
  the Lernaean hydra (Swamp:4)
  Geryon (Hell)
  6 golden dragons
  2 profane servitors
  Nikola (Vaults:3)
  9 bone dragons
  10 Brimstone Fiends
  8 doom hounds
  10 liches
  18 Tzitzimimeh
  5 hellephants
  6 iron giants (Dis:7)
  Rupert (D:15)
  15 tentacled monstrosities
  12 Hell Sentinels
  12 Ice Fiends
  Jorgrun (Elf:1)
  35 acid blobs
  8 quicksilver dragons
  5 Orb Guardians (Zot:5)
  18 titans
  3 eldritch tentacles
  17 Executioners
  The ghost of FishyPogo the Nimble, an adept GnMo of Makhleb (Depths:1)
  4 thorn hunters
  Murray (Hell)
  6 deep elf blademasters
  2 death cobs
  3 deep elf master archers
  Frances (Swamp:1)
  12 sphinxes
  The ghost of losten the Impaler, an adept DsBe of Trog (Swamp:4)
  18 shadow dragons
  9 tentacled starspawn
  23 ancient champions
  Kirke (Lair:4)
  9 tengu reavers
  2 draconian monks
  11 nagarajas
  Roxanne (Elf:2)
  9 storm dragons
  26 fire giants
  3 revenants
  15 azure jellies
  3 draconian knights
  22 balrugs
  31 frost giants
  Louise (D:15)
  17 vault wardens
  14 cacodemons
  2 ghost moths (Zot:5)
  Aizul (Snake:4)
  8 deep elf sorcerers
  A draconian scorcher (Zot:2)
  An orc warlord (Bailey)
  5 draconian shifters
  6 deep elf elementalists
  4 iron dragons
  5 curse skulls
  7 ghouls
  12 ironheart preservers
  4 spriggan defenders
  15 war gargoyles
  58 reapers
  3 draconian annihilators
  A draconian stormcaller (Zot:3)
  An elemental wellspring (Coc:7)
  21 very ugly things
  4 entropy weavers
  33 stone giants
  7 bennus
  9 vampire knights
  Nessos (Lair:6)
  5 black draconians
  14 deep elf annihilators
  2 deep elf demonologists
  A corrupter (Pan)
  10 lorocyprocas
  2 blood saints (Pan)
  6 green draconians
  8 dire elephants
  Azrael (Elf:1)
  4 black suns (Pan)
  6 white draconians
  4 red draconians
  7 yellow draconians
  11 spark wasps
  12 deep elf death magi
  7 green deaths
  10 purple draconians
  10 blizzard demons
  23 ettins
  3 eidola
  16 death oozes
  17 mummy priests
  22 fire dragons
  13 great orbs of eyes
  14 yaktaur captains
  29 ice dragons
  26 vault guards
  31 jiangshi
  9 deep elf high priests
  6 quicksilver dragon skeletons
  4 rakshasas
  20 hydras
  8 naga warriors
  5 ghost crabs
  5 monstrous demonspawn (Pan)
  3 shambling mangroves
  7 anacondas
  8 spriggan air magi
  7 death knights
  A satyr (shapeshifter) (Depths:2)
  A catoblepas (shapeshifter) (Depths:1)
  A catoblepas (Lair:6)
  48 two-headed ogres
  A two-headed ogre (shapeshifter) (Depths:1)
  8 centaur warriors
  30 death scarabs
  13 alligators
  26 dancing weapons
  4 tengu warriors
  10 vampire magi
  13 ogre magi
  9 death yaks
  10 spriggan berserkers
  6 titan zombies
  12 deep troll shamans
  19 hell hogs
  21 deep elf knights
  12 naga sharpshooters
  6 deep troll earth magi
  3 storm dragon zombies
  25 soul eaters
  44 large abominations
  2 orc high priests
  7 iron golems (Dis:7)
  7 thrashing horrors
  8 shock serpents
  13 wretched stars
  The ghost of Bombadil the Zephyrmancer, a novice TeAE of Vehumet (D:10)
  10 titan skeletons
  42 sun demons
  13 shadow wraiths
  35 hell knights
  8 iron trolls
  A spark wasp zombie (Crypt:2)
  5 salamander mystics (Snake:4)
  29 small abominations
  21 sixfirhies
  187 skeletal warriors
  2 storm dragon skeletons
  3 golden dragon zombies
  An unseen horror (Abyss:4)
  8 glowing orange brains
  A spriggan druid (Swamp:4)
  3 spatial maelstroms
  2 ghost moth zombies
  5 gelid demonspawn (Pan)
  7 infernal demonspawn (Pan)
  21 shadow demons
  5 anaconda zombies
  5 naga ritualists
  11 swamp dragons
  13 wizards
  5 shadow dragon zombies
  3 torturous demonspawn (Pan)
  10 ironbrand convokers
  20 flayed ghosts
  35 deep trolls
  6 golden dragon skeletons
  A kraken simulacrum (Hell)
  12 anaconda skeletons
  6 deep elf archers
  9 harpies
  23 phantasmal warriors
  21 orc knights
  A swamp dragon (shapeshifter) (D:15)
  4 wolf spider zombies
  2 wolf spiders
  6 shining eyes
  5 shadow dragon skeletons
  2 oklob plants (Depths:4)
  A shining eye (shapeshifter) (Depths:1)
  68 deep elf magi
  9 mana vipers
  12 necromancers
  7 stone giant zombies
  5 iron dragon zombies
  8 frost giant zombies
  9 fire giant zombies
  6 orc sorcerers
  18 moths of wrath
  2 manticores
  7 cyclopes
  5 iron dragon skeletons
  3 worldbinders
  58 ugly things
  8 salamanders
  3 apocalypse crabs
  2 human skeletons
  5 guardian serpents
  7 stone giant skeletons
  3 shock serpent zombies
  21 vault sentinels
  6 frost giant skeletons
  9 elephants
  7 fire giant skeletons
  Maurice (D:13)
  24 smoke demons
  5 molten gargoyles
  A torpor snail (Lair:2)
  30 black mambas
  A salamander (shapeshifter) (Depths:4)
  3 dire elephant zombies
  A torpor snail (shapeshifter) (Depths:1)
  3 ice statues
  16 naga magi
  A shock serpent skeleton (Tar:6)
  2 eyes of devastation
  20 spiny frogs
  25 orange demons
  A kobold demonologist (Abyss:2)
  3 gargoyles
  31 rust devils
  A centaur skeleton (D:12)
  A yaktaur zombie (Depths:1)
  2 rime drakes (Lair:4)
  An emperor scorpion zombie (Coc:7)
  2 komodo dragons (shapeshifter)
  A catoblepas zombie (Tar:7)
  53 tormentors
  6 dire elephant skeletons
  A rime drake (shapeshifter) (D:15)
  11 komodo dragons
  39 hellions
  A spark wasp simulacrum (Depths:4)
  37 guardian mummies
  7 efreet
  36 freezing wraiths
  A spectral harpy (Crypt:3)
  49 yaktaurs
  36 ice devils
  A red draconian skeleton (Tar:3)
  10 hydra zombies
  5 tengu conjurers
  18 hellwings (Pan)
  23 red devils
  7 ancient zymes
  12 demonic crawlers
  A purple draconian skeleton (Tar:4)
  A harpy zombie (Dis:4)
  A queen bee (shapeshifter) (Vaults:4)
  An anaconda simulacrum (Tomb:2)
  2 polar bears (shapeshifter)
  3 silent spectres
  A jumping spider (shapeshifter) (Depths:1)
  11 trolls
  A troll (shapeshifter) (Vaults:2)
  A wolf spider simulacrum (Coc:7)
  16 hornets
  A grey draconian skeleton (Crypt:1)
  3 jumping spiders
  2 queen bees
  19 polar bears
  A shadow dragon simulacrum (Coc:7)
  13 tyrant leeches
  5 harpy skeletons
  27 blink frogs
  15 bog bodies
  8 hippogriffs
  125 slime creatures
  7 ice dragon zombies
  4 dream sheep (Lair:6)
  7 hydra skeletons
  2 raiju (shapeshifter)
  15 raiju
  4 ettin zombies
  3 fire dragon zombies
  2 black mamba zombies
  2 stone giant simulacra
  5 alligator zombies
  2 fire giant simulacra
  3 air elementals
  7 alligator skeletons
  5 ice dragon skeletons
  Sigmund (D:3)
  12 spriggans
  4 fire dragon skeletons
  37 shadows
  146 flying skulls
  4 redbacks
  5 ettin skeletons
  A vampire (Abyss:2)
  A redback (shapeshifter) (Vaults:5)
  13 water elementals
  31 wraiths
  17 ynoxinuls
  A tarantella (Vaults:4)
  A wyvern (Lair:6)
  3 ushabtiu
  3 hogs (Lair:4)
  3 spriggans (shapeshifter)
  26 fire elementals
  2 black mamba skeletons
  14 chaos spawn
  65 yaks
  5 fire bats
  2 yaks (shapeshifter)
  A hog (shapeshifter) (Vaults:3)
  19 neqoxecs
  3 basilisks
  An elf zombie (Depths:1)
  3 golden eyes (Pan)
  6 hungry ghosts
  25 vampire mosquitoes
  7 spatial vortices
  12 insubstantial wisps
  2 soldier ants (shapeshifter)
  7 wargs
  A merfolk zombie (Geh:7)
  3 acid dragons
  13 swamp worms
  8 water moccasins
  4 floating eyes
  A soldier ant (D:13)
  52 nagas
  Duvessa (D:7)
  A merfolk skeleton (Geh:5)
  13 porcupines
  3 spiny frog zombies
  67 hell hounds
  5 ice beasts
  13 swamp drakes
  4 black bears
  An infernal demonspawn skeleton (Geh:5)
  5 spiny frog skeletons
  4 sky beasts
  3 human zombies
  4 phantoms
  An alligator simulacrum (Coc:6)
  A hornet zombie (D:11)
  An ice dragon simulacrum (Coc:2)
  2 ettin simulacra
  8 eyes of draining
  30 necrophages
  65 orc warriors
  A lindwurm zombie (Crypt:2)
  3 snapping turtle zombies
  21 boggarts
  2 manticore zombies
  3 swamp dragon zombies
  33 centaurs
  40 ogres
  A snapping turtle skeleton (Geh:7)
  33 wolves
  2 swamp dragon skeletons
  6 crocodiles
  A hog skeleton (Crypt:1)
  2 big kobolds
  2 octopode zombies
  A wyvern zombie (D:14)
  16 bullfrogs
  An ogre simulacrum (Vaults:1)
  An earth elemental (Elf:3)
  Dowan (D:7)
  A water moccasin zombie (D:7)
  3 scorpions
  A wyvern skeleton (D:4)
  28 killer bees
  A snapping turtle simulacrum (Tar:2)
  88 wights
  A raiju zombie (Crypt:1)
  10 howler monkeys
  5 electric eels
  22 crimson imps
  A human simulacrum (Vaults:2)
  46 starcursed masses
  A bullfrog zombie (D:7)
  5 quasits
  A black bear zombie (Crypt:2)
  23 orc priests
  4 hounds
  11 jellies
  2 bullfrog skeletons
  18 iron imps
  34 orc wizards
  Jessica (D:3)
  7 iguanas
  8 worker ants
  A porcupine zombie (Crypt:1)
  A killer bee zombie (D:7)
  A demigod zombie (Crypt:1)
  A deep dwarf skeleton (Crypt:1)
  A hound skeleton (D:10)
  33 mummies
  A worker ant zombie (D:9)
  26 gnolls
  7 adders
  18 shadow imps
  12 white imps
  2 ufetubi (Abyss:2)
  5 oozes (D:8)
  2 adder skeletons
  6 worms
  3 ball lightnings (Pan)
  3 dart slugs
  7 leopard geckos
  120 orcs
  6 bats
  7 giant cockroaches
  24 goblins
  21 hobgoblins
  10 jackals
  19 kobolds
  4 quokkas
  A river rat zombie (Crypt:2)
  A ball python (D:4)
  3 frilled lizards
  2 leopard gecko skeletons
  A leopard gecko zombie (D:5)
  2 quokka skeletons (D:9)
  8 rats
  2 blocks of ice (Pan)
  A briar patch (Swamp:2)
  A bush (Lair:5)
  2 butterflies (Lair:3)
  13 crawling corpses
  3 fungi
  3 lurking horrors
  5 plants
  9 starspawn tentacles
  A tentacle (Hell)
4912 creatures vanquished.

Vanquished Creatures (collateral kills)
  Ereshkigal (Tar:7)
  the Serpent of Hell (Geh:7)
  An ancient lich (Tar:7)
  12 greater mummies
  A shard shrike (Coc:1)
  Jory (Crypt:3)
  6 bone dragons
  6 doom hounds
  3 pandemonium lords (Pan)
  4 Brimstone Fiends
  10 Tzitzimimeh
  A Hell Sentinel (Pan)
  2 iron giants (Dis:7)
  2 liches
  5 Ice Fiends
  14 Executioners
  A quicksilver dragon (Dis:7)
  An eldritch tentacle (Coc:1)
  6 ancient champions
  4 sphinxes (Tomb:1)
  6 shadow dragons
  A revenant (Tomb:1)
  A fire giant (Geh:7)
  4 iron dragons
  10 balrugs
  A warmonger (Pan)
  12 cacodemons (Pan)
  A ghoul (Crypt:3)
  3 very ugly things (Pan)
  An elemental wellspring (Coc:7)
  15 reapers
  A blood saint (Pan)
  6 bennus
  2 corrupters (Pan)
  7 vampire knights
  A lorocyproca (Pan)
  6 war gargoyles
  A black sun (Pan)
  A deep elf death mage (Crypt:3)
  7 blizzard demons
  2 quicksilver dragon zombies
  4 green deaths
  5 jiangshi (Crypt:3)
  12 mummy priests
  A great orb of eyes (Pan)
  A kraken zombie (Coc:7)
  2 monstrous demonspawn (Pan)
  2 ice dragons (Coc:7)
  A quicksilver dragon skeleton (Tar:3)
  A ghost crab (Tar:7)
  A death knight (Crypt:3)
  9 death scarabs
  2 titan zombies
  6 hell hogs
  2 vampire magi
  2 storm dragon zombies
  6 soul eaters
  10 hell knights
  5 titan skeletons
  7 sun demons
  4 iron golems (Dis:7)
  3 iron trolls (Dis:7)
  12 sixfirhies (Pan)
  An anaconda zombie (Dis:7)
  70 skeletal warriors
  A shadow wraith (Tar:7)
  A storm dragon skeleton (Coc:7)
  A ghost moth zombie (Tar:7)
  2 death drakes
  5 flayed ghosts
  2 shadow dragon zombies
  2 phantasmal warriors
  7 shadow demons
  3 necromancers
  2 anaconda skeletons
  5 fire giant zombies
  3 wolf spider zombies
  3 shadow dragon skeletons
  5 stone giant zombies
  2 frost giant zombies
  An iron dragon skeleton (Tar:7)
  3 shining eyes (Slime:1)
  5 rust devils
  2 dire elephant zombies (Coc:2)
  A shock serpent zombie (Dis:4)
  4 fire giant skeletons
  5 stone giant skeletons
  9 smoke demons
  5 molten gargoyles (Geh:7)
  3 frost giant skeletons
  4 orange demons (Pan)
  3 dire elephant skeletons
  A catoblepas zombie (Geh:3)
  16 hellions
  An emperor scorpion zombie (Tar:5)
  3 efreet
  8 freezing wraiths
  9 tormentors
  12 ice devils
  3 hellwings (Pan)
  14 guardian mummies
  A purple draconian zombie (Dis:5)
  3 demonic crawlers
  A harpy zombie (Dis:1)
  A silent spectre (Tar:4)
  6 hydra zombies
  21 red devils
  3 alligator zombies
  2 hydra skeletons
  An ice dragon zombie (Tar:7)
  2 harpy skeletons
  3 ettin zombies
  A bog body (Coc:7)
  A fire dragon zombie (Tar:6)
  57 flying skulls
  5 ushabtiu
  3 ettin skeletons
  An ice dragon skeleton (Coc:2)
  7 shadows
  6 wraiths
  A ynoxinul (Pan)
  A water elemental (Hell)
  6 fire elementals
  5 large abominations (Pan)
  6 golden eyes (Pan)
  8 chaos spawn (Pan)
  11 neqoxecs (Pan)
  4 hungry ghosts
  A spectral snapping turtle (Crypt:3)
  A monstrous demonspawn zombie (Tar:7)
  29 hell hounds
  2 spiny frog zombies
  2 floating eyes (Pan)
  A spiny frog skeleton (Coc:7)
  An eye of draining (Pan)
  13 necrophages
  A phantom (Tar:3)
  4 snapping turtle zombies
  A swamp dragon skeleton (Geh:3)
  A spriggan zombie (Geh:3)
  26 wights
  5 crimson imps
  3 iron imps
  3 human skeletons
  A tengu zombie (Tar:5)
  A naga skeleton (Geh:3)
  21 mummies
  7 shadow imps
  A white imp (Coc:7)
  A fire vortex (Geh:7)
  2 tentacles (Coc:7)
791 creatures vanquished.

Vanquished Creatures (others)
  A doom hound (Tar:2)
  5 deep elf master archers
  An eldritch tentacle (Tar:2)
  3 fire giants
  A frost giant (Depths:4)
  An iron dragon (Dis:7)
  A ghost moth (Zot:3)
  6 stone giants
  A green death (Pan)
  A yaktaur captain (Vaults:5)
  3 centaur warriors
  An ice dragon (Depths:1)
  An alligator (Swamp:1)
  A hell hog (Geh:1)
  3 naga sharpshooters
  A shadow wraith (Abyss:4)
  An unseen horror (D:15)
  An infernal demonspawn (Pan)
  A naga ritualist (Snake:3)
  A wizard (Pan)
  6 deep elf archers
  A deep elf mage (Depths:1)
  A shining eye (Abyss:4)
  An ugly thing (Depths:1)
  2 hellions (Geh:7)
  14 yaktaurs
  A red devil (Geh:7)
  2 flying skulls
  A fire bat (Pan)
  2 neqoxecs
  A golden eye (Pan)
  2 orc warriors
  A wolf (IceCv)
  A boggart (Depths:1)
  7 centaurs
  2 wights (Geh:3)
  A crimson imp (D:15)
  An iron imp (Dis:6)
  An orc wizard (D:13)
  4 ball lightnings (Pan)
  2 orcs
  A briar patch (Swamp:2)
  A crawling corpse (Elf:3)
  A fire vortex (Pan)
  8 fungi
  20 plants
  22 starspawn tentacles
  8 tentacles
150 creatures vanquished.

Grand Total: 5853 creatures vanquished

Notes
Turn   | Place    | Note
-------+----------+-------------------------------------------
     0 | D:1      | Vikmgn the Minotaur Fighter began the quest for the Orb.
     0 | D:1      | Reached XP level 1. HP: 19/19 MP: 0/0
   139 | D:1      | Reached XP level 2. HP: 16/26 MP: 1/1
   941 | D:1      | Reached XP level 3. HP: 30/31 MP: 2/2
  1445 | D:2      | Reached skill level 5 in Axes
  1499 | D:2      | You fall into a shaft and drop 2 floors!
  1514 | D:4      | Reached XP level 4. HP: 34/39 MP: 3/3
  1653 | D:4      | Reached XP level 5. HP: 32/45 MP: 4/4
  1925 | D:4      | Reached XP level 6. HP: 40/51 MP: 5/5
  2251 | D:4      | Found an opulent altar of Gozag.
  2506 | D:4      | Found a shimmering blue altar of Sif Muna.
  2920 | D:3      | Found a stormy altar of Qazlal.
  2949 | D:3      | Noticed Jessica
  2956 | D:3      | Killed Jessica
  3154 | D:3      | Found a sparkling altar of Nemelex Xobeh.
  3494 | D:3      | Reached XP level 7. HP: 48/57 MP: 6/6
  3676 | D:3      | Found a radiant altar of Vehumet.
  3677 | D:3      | Noticed Sigmund
  4144 | D:5      | Entered Level 5 of the Dungeon
  4248 | D:5      | Reached skill level 10 in Axes
  4259 | D:5      | Found a snail-covered altar of Cheibriados.
  4424 | D:5      | Found a glowing silver altar of Zin.
  4816 | D:6      | Found a shimmering altar of Xom.
  4981 | D:6      | Reached XP level 8. HP: 64/64 MP: 7/7
  4998 | D:6      | Found a staircase to the Ecumenical Temple.
  5013 | Temple   | Entered the Ecumenical Temple
  5061 | Temple   | Became a worshipper of Warmaster Okawaru
  5419 | D:6      | Found a sacrificial altar of Ru.
  5699 | D:7      | Found a white marble altar of Elyvilon.
  5787 | D:7      | Noticed Dowan
  5789 | D:7      | Noticed Duvessa
  5807 | D:7      | Killed Duvessa
  5807 | D:7      | Reached skill level 1 in Invocations
  5810 | D:7      | Killed Dowan
  5814 | D:7      | Reached * piety under Okawaru
  6013 | D:7      | Found an ancient bone altar of Kikubaaqudgha.
  6300 | D:7      | Reached XP level 9. HP: 70/70 MP: 9/9
  6584 | D:8      | Noticed a troll
  6712 | D:8      | Found an ancient bone altar of Kikubaaqudgha.
  6723 | D:8      | Reached ** piety under Okawaru
  6753 | D:8      | Noticed a +0 hand axe
  6754 | D:8      | Found a hide-covered altar of Uskayaw.
  6754 | D:8      | Noticed a +0 dagger
  6835 | D:8      | Found a burning altar of Makhleb.
  6846 | D:8      | Found Zebrof's Assorted Antiques.
  7378 | D:8      | Bought an iridescent broad axe for 306 gold pieces
  7382 | D:8      | Identified the +5 broad axe "Hebidu" {holy, rElec MR+ MP+9}
                  | (You bought it in a shop on level 8 of the Dungeon)
  7576 | D:8      | Reached skill level 15 in Axes
  7775 | D:8      | Killed a troll
  7776 | D:8      | Found a shadowy altar of Dithmenos.
  8110 | D:9      | Found a shattered altar of Ashenzari.
  8362 | D:9      | Reached *** piety under Okawaru
  8387 | D:9      | Noticed a two-headed ogre
  8399 | D:9      | Killed a two-headed ogre
  8399 | D:9      | Reached XP level 10. HP: 18/77 MP: 11/11
  9011 | D:9      | Reached **** piety under Okawaru
  9666 | D:3      | Killed Sigmund
  9825 | D:10     | Entered Level 10 of the Dungeon
  9831 | D:10     | Found a staircase to the Orcish Mines.
  9862 | D:10     | Reached skill level 5 in Armour
 10008 | D:10     | Noticed a death yak
 10008 | D:10     | Noticed a death yak
 10008 | D:10     | Noticed a death yak
 10009 | D:10     | Noticed a death yak
 10018 | D:10     | Killed a death yak
 10359 | D:9      | Killed a death yak
 10646 | D:10     | Found a transporter.
 10650 | D:10     | Found a transporter.
 10652 | D:10     | Noticed Bombadil's ghost (novice TeAE)
 10758 | D:10     | Found a staircase to the Lair.
 10759 | D:10     | Noticed a cyclops
 10760 | D:10     | Noticed a death yak
 11150 | D:11     | Noticed a cyclops
 11508 | D:10     | Reached skill level 1 in Dodging
 11546 | D:10     | Killed a death yak
 11546 | D:10     | Reached XP level 11. HP: 61/82 MP: 13/13
 11554 | D:10     | Killed a death yak
 11554 | D:10     | Reached ***** piety under Okawaru
 11554 | D:10     | Reached skill level 10 in Armour
 11563 | D:10     | Killed a death yak
 11563 | D:10     | Reached skill level 5 in Shields
 12631 | D:11     | You fall into a shaft and drop 2 floors!
 12660 | D:13     | Noticed a centaur warrior
 12937 | D:13     | Noticed a two-headed ogre
 12948 | D:13     | Killed a two-headed ogre
 13178 | D:12     | Found a frozen archway.
 13196 | D:12     | Reached ****** piety under Okawaru
 13196 | D:12     | Received a gift from Okawaru
 13199 | D:12     | Got a pair of heavily runed gloves {god gift}
 13205 | D:12     | Identified the +1 pair of gloves of the Seventy-Seven Mice
                  | {Regen+} (Okawaru gifted it to you on level 12 of the
                  | Dungeon)
 13257 | IceCv    | Entered an ice cave
 13505 | IceCv    | Reached skill level 5 in Invocations
 13505 | IceCv    | Reached XP level 12. HP: 80/90 MP: 14/14
 13706 | IceCv    | Reached skill level 10 in Shields
 13868 | IceCv    | Received a gift from Okawaru
 13873 | IceCv    | Got a dazzling hand crossbow {god gift}
 13906 | IceCv    | Noticed a frost giant
 13927 | IceCv    | Killed a frost giant
 13927 | IceCv    | Reached skill level 5 in Dodging
 14033 | IceCv    | Got an encrusted shortbow
 14162 | D:12     | Identified the +2 hand crossbow of Pacwil {penet, Int+2}
                  | (Okawaru gifted it to you in an ice cave)
 14168 | D:12     | Identified the +10 shortbow of Poverty {velocity, +Fly
                  | Str-5 Dex+3 Stlth+} (You found it in an ice cave)
 14862 | D:8      | Bought a heavily runed leather armour for 238 gold pieces
 14877 | D:8      | Identified the +3 leather armour of Infinity {rElec} (You
                  | bought it in a shop on level 8 of the Dungeon)
 15381 | D:13     | Received a gift from Okawaru
 15393 | D:13     | Got a crude plate armour {god gift}
 15413 | D:12     | Identified the +7 plate armour of Complete Protection {+Fly
                  | Int+3 Dex+8 Stlth-} (Okawaru gifted it to you on level 13
                  | of the Dungeon)
 15426 | D:13     | Noticed a two-headed ogre
 15433 | D:13     | Killed a centaur warrior
 15434 | D:13     | Reached XP level 13. HP: 83/95 MP: 16/16
 15508 | D:13     | Noticed an ironheart preserver
 15523 | D:13     | Killed an ironheart preserver
 15947 | D:13     | You fall into a shaft and drop 1 floor!
 16081 | D:13     | Noticed Maurice
 16104 | D:13     | Killed Maurice
 16321 | D:13     | Found a gate to the Vaults.
 16581 | D:14     | Found a flagged portal.
 16590 | Bailey   | Entered a bailey
 16711 | Bailey   | Received a gift from Okawaru
 16842 | Bailey   | Noticed an orc warlord
 16864 | Bailey   | Killed an orc warlord
 17389 | D:15     | Entered Level 15 of the Dungeon
 17490 | Lair:1   | Entered Level 1 of the Lair of Beasts
 17513 | Lair:1   | You fall into a shaft and drop 1 floor!
 18821 | Lair:2   | Reached XP level 14. HP: 102/102 MP: 18/18
 19427 | Lair:2   | Identified a scroll of acquirement
 19435 | Lair:2   | Got an encrusted scale mail
 19447 | Lair:2   | Identified the +8 scale mail "Ibror" {+Blink rElec rF+}
                  | (You acquired it on level 2 of the Lair of Beasts)
 19467 | Lair:2   | Reached skill level 15 in Armour
 19467 | Lair:2   | Reached skill level 15 in Shields
 19467 | Lair:2   | Reached XP level 15. HP: 107/107 MP: 19/19
 19468 | Lair:2   | Reached skill level 10 in Dodging
 19468 | Lair:2   | Reached XP level 16. HP: 115/115 MP: 20/20
 19599 | Lair:3   | Found a staircase to the Swamp.
 19669 | Lair:3   | Received a gift from Okawaru
 19675 | Lair:3   | Got a crude hand axe {god gift}
 19758 | Lair:3   | Identified the +2 hand axe of Domination {antimagic, rPois
                  | Dex+2} (Okawaru gifted it to you on level 3 of the Lair of
                  | Beasts)
 20518 | Lair:4   | Found a staircase to the Snake Pit.
 20808 | Lair:4   | Noticed Kirke
 20883 | Lair:4   | Killed Kirke
 21848 | Lair:5   | Found a runed translucent door.
 21848 | Lair:5   | Found a viscous altar of Jiyva.
 21848 | Lair:5   | Found a staircase to the Slime Pits.
 21848 | Lair:5   | Noticed an acid blob
 22259 | Lair:6   | Entered Level 6 of the Lair of Beasts
 22300 | Lair:6   | Noticed Nessos
 22338 | Lair:6   | Killed Nessos
 22463 | Lair:6   | Received a gift from Okawaru
 23165 | Lair:6   | Found the +7 great mace "Undeadhunter" {disrupt, rN+}
 23194 | Lair:6   | Identified the Grimoire of Conjuration
 23433 | Orc:1    | Entered Level 1 of the Orcish Mines
 23478 | Orc:1    | Reached skill level 5 in Fighting
 23830 | Orc:2    | Entered Level 2 of the Orcish Mines
 24153 | Orc:2    | Found a staircase to the Elven Halls.
 24383 | Orc:2    | Reached XP level 17. HP: 125/128 MP: 22/22
 24641 | Orc:2    | Found Xan Xuve's Magic Scroll Boutique.
 24641 | Orc:2    | Found Wobeu's Antique Armour Shoppe.
 24643 | Orc:2    | Found Kapoa's Jewellery Emporium.
 24645 | Orc:2    | Found Juinluag's Book Shop.
 24650 | Orc:2    | Bought a pair of glowing boots for 225 gold pieces
 24664 | Orc:2    | Bought a scroll of teleportation for 39 gold pieces
 24664 | Orc:2    | Bought a scroll of enchant weapon for 97 gold pieces
 24664 | Orc:2    | Bought a scroll of identify for 26 gold pieces
 24664 | Orc:2    | Bought a scroll of identify for 26 gold pieces
 24667 | Orc:2    | Bought a +5 amulet of reflection for 494 gold pieces
 24906 | Swamp:1  | Entered Level 1 of the Swamp
 24909 | Swamp:1  | Noticed Frances
 25034 | Swamp:1  | Killed Frances
 25215 | Swamp:1  | Received a gift from Okawaru
 25247 | Swamp:1  | Got a bloodstained quarterstaff {god gift}
 25249 | Swamp:1  | Identified the +8 quarterstaff of Disharmony {protect,
                  | +Blink rF- Int+8 SInv} (Okawaru gifted it to you on level 1
                  | of the Swamp)
 26894 | Swamp:2  | Received a gift from Okawaru
 27516 | Swamp:3  | Reached skill level 10 in Fighting
 28010 | Swamp:3  | Reached skill level 1 in Evocations
 28484 | Swamp:4  | Entered Level 4 of the Swamp
 28781 | Snake:1  | Entered Level 1 of the Snake Pit
 29434 | Snake:1  | Reached XP level 18. HP: 154/154 MP: 23/23
 29873 | Snake:2  | Received a gift from Okawaru
 29979 | Snake:2  | Found an opulent altar of Gozag.
 30107 | Snake:2  | Found Counig's Armour Boutique.
 30112 | Snake:2  | Found Kecusch's General Store.
 30131 | Snake:2  | Bought a scroll of enchant armour for 82 gold pieces
 31343 | Snake:4  | Entered Level 4 of the Snake Pit
 31490 | Snake:4  | Noticed Aizul
 31498 | Snake:4  | Noticed Bai Suzhen
 31515 | Snake:4  | Killed Aizul
 31528 | Snake:4  | Killed Bai Suzhen
 31544 | Snake:4  | Found a flickering gateway to a bazaar.
 31553 | Bazaar   | Entered a bazaar
 31567 | Bazaar   | Found Ler Ips's Antique Weapon Shoppe.
 31586 | Bazaar   | Found Liotreug's Food Shoppe.
 31605 | Bazaar   | Found Qydem's General Store.
 31699 | Snake:4  | Received a gift from Okawaru
 31790 | Snake:4  | Got a scorched ring mail {god gift}
 31885 | Snake:4  | Reached skill level 15 in Fighting
 32134 | Snake:4  | Reached XP level 19. HP: 156/172 MP: 24/24
 32366 | Snake:4  | Found a white marble altar of Elyvilon.
 32532 | Snake:4  | Received a gift from Okawaru
 32691 | Snake:4  | Got a serpentine rune of Zot
 32996 | Swamp:4  | Noticed the 27-headed Lernaean hydra
 33010 | Swamp:4  | Killed the 27-headed Lernaean hydra
 33010 | Swamp:4  | Reached skill level 5 in Evocations
 33182 | Swamp:4  | Got a decaying rune of Zot
 33259 | Swamp:4  | Received a gift from Okawaru
 33263 | Swamp:4  | Identified the +4 ring mail "Bulupt" {*Slow rF+++ Str-2
                  | Dex+6} (Okawaru gifted it to you on level 4 of the Snake
                  | Pit)
 33451 | Swamp:4  | Found a runed translucent door.
 33451 | Swamp:4  | Noticed losten's ghost (adept DsBe)
 33478 | Swamp:4  | Killed losten's ghost
 34187 | D:10     | Killed Bombadil's ghost
 34357 | D:15     | Noticed Rupert
 34375 | D:15     | Killed Rupert
 34401 | D:15     | Found a shadowy altar of Dithmenos.
 34594 | D:15     | Reached skill level 15 in Dodging
 34639 | D:15     | Noticed Louise
 34667 | D:15     | Killed Louise
 34847 | D:15     | Found a staircase to the Depths.
 35047 | Depths:1 | Entered Level 1 of the Depths
 35499 | Snake:2  | Bought a +2 shield of cold resistance for 322 gold pieces
 35717 | Elf:1    | Entered Level 1 of the Elven Halls
 35997 | Elf:1    | Identified the Grimoire of Attacks
 36092 | Elf:1    | Noticed Azrael
 36101 | Elf:1    | Killed Azrael
 36222 | Elf:1    | Noticed Jorgrun
 36234 | Elf:1    | Killed Jorgrun
 36545 | Elf:2    | Noticed Roxanne
 36575 | Elf:2    | Received a gift from Okawaru
 36598 | Elf:2    | Got a crystal battleaxe {god gift}
 36603 | Elf:1    | Identified the +0 battleaxe of Theory {drain, rN+} (Okawaru
                  | gifted it to you on level 2 of the Elven Halls)
 36638 | Elf:2    | Killed Roxanne
 36714 | Elf:2    | Reached XP level 20. HP: 179/184 MP: 25/25
 36745 | Elf:2    | Found a runed translucent gate.
 36745 | Elf:2    | Found a runed translucent gate.
 36745 | Elf:2    | Found a runed translucent gate.
 37142 | Elf:2    | Received a gift from Okawaru
 37594 | Elf:3    | Entered Level 3 of the Elven Halls
 38333 | Elf:3    | Received a gift from Okawaru
 38689 | Elf:3    | Identified the +10 spear of Dishonesty {holy, *Drain MR+
                  | Dex+4}
 38790 | Elf:3    | Identified the +5 war axe of Egeoriug {chop, rC++ Dex+2}
 38895 | Elf:3    | Identified the cursed +0 buckler "Uhinusko" {*Contam +Fly
                  | rN++}
 38989 | Elf:3    | Got a crystal hand axe
 39002 | Elf:3    | Got a twisted buckler
 39066 | Elf:3    | Got a shimmering hand axe
 39068 | Elf:3    | Identified the cursed +2 hand axe of Extinguishment {vamp,
                  | rN+ Int-3 Dex+5} (You found it on level 3 of the Elven
                  | Halls)
 39072 | Elf:3    | Identified the +1 buckler of Anaesthesia {Int+3} (You found
                  | it on level 3 of the Elven Halls)
 39075 | Elf:3    | Identified the +0 hand axe "Beastbane" {chop, -Tele MR++
                  | Dex+5} (You found it on level 3 of the Elven Halls)
 39133 | Elf:3    | Identified Qula's Collected Works on Ghastly Aid
 39141 | Elf:3    | Got a shimmering amber ring
 39144 | Elf:3    | Identified the ring of Pent {Ice +Inv rPois Int+3} (You
                  | found it on level 3 of the Elven Halls)
 39148 | Elf:3    | Identified the Tome of Intoxication and Hexes
 39568 | Vaults:1 | Entered Level 1 of the Vaults
 39696 | Vaults:1 | Reached XP level 21. HP: 195/195 MP: 26/26
 40427 | Vaults:1 | You fall into a shaft and drop 1 floor!
 40600 | Vaults:2 | Received a gift from Okawaru
 40620 | Vaults:2 | Got an iridescent demon whip {god gift}
 40628 | Vaults:2 | Identified the +1 demon whip "Tefebuwo" {freeze, Int+2
                  | SInv} (Okawaru gifted it to you on level 2 of the Vaults)
 40709 | Vaults:2 | Noticed Boris
 40728 | Vaults:2 | Killed Boris
 40985 | Vaults:2 | You fall into a shaft and drop 1 floor!
 41088 | Vaults:3 | Noticed Boris
 41113 | Vaults:3 | Killed Boris
 41113 | Vaults:3 | Received a gift from Okawaru
 41146 | Vaults:3 | Noticed Nikola
 41159 | Vaults:3 | Killed Nikola
 41344 | Vaults:3 | Found Ifruga's Magic Scroll Shoppe.
 41350 | Vaults:3 | Bought a scroll of enchant weapon for 127 gold pieces
 41725 | Vaults:3 | Found a staircase to the Crypt.
 41855 | Vaults:3 | Found Vefas's Armour Boutique.
 41861 | Vaults:3 | Found Rydghaco's Book Emporium.
 41861 | Vaults:3 | Found Qeuther's Jewellery Shop.
 42617 | Vaults:2 | Reached XP level 22. HP: 203/203 MP: 27/27
 42658 | Vaults:2 | Noticed Saint Roka
 42687 | Vaults:2 | Killed Saint Roka
 43349 | Vaults:2 | Received a gift from Okawaru
 43426 | Vaults:1 | Found Nyniol's Antique Armour Boutique.
 43434 | Vaults:1 | Bought a shimmering plate armour for 896 gold pieces
 43439 | Vaults:1 | Identified the +7 plate armour of the Garden {rC+ Str+4
                  | Stlth-} (You bought it in a shop on level 1 of the Vaults)
 44373 | Vaults:4 | Received a gift from Okawaru
 45165 | Vaults:5 | Entered Level 5 of the Vaults
 45181 | Vaults:5 | Received a gift from Okawaru
 45242 | Vaults:4 | Reached XP level 23. HP: 157/211 MP: 28/28
 45492 | Vaults:5 | Noticed Boris
 45550 | Vaults:5 | Killed Boris
 45556 | Vaults:5 | Identified the ring "Dir Vitt" {rN+ MR+}
 45556 | Vaults:5 | Noticed an ancient lich
 45777 | Vaults:4 | Killed an ancient lich
 46009 | Vaults:5 | Received a gift from Okawaru
 46079 | Vaults:5 | Got a smoking broad axe {god gift}
 46223 | Vaults:4 | Identified the +4 broad axe "Hour" {antimagic, rF+ Dex+4}
                  | (Okawaru gifted it to you on level 5 of the Vaults)
 46804 | Vaults:5 | Got a silver rune of Zot
 46863 | Vaults:5 | Received a gift from Okawaru
 47067 | Vaults:5 | Identified the cursed +0 rapier of Cheese {venom, Int+3
                  | Dex+2}
 47137 | Vaults:5 | Reached XP level 24. HP: 194/218 MP: 28/28
 47214 | Vaults:5 | Found the +10 Black Knight's horse barding {ponderous,
                  | rPois rN+}
 47219 | Vaults:5 | Identified The Lost Tome of the Archmage
 47243 | Vaults:5 | Identified the +10 plate armour "Enimp" {+Fly rPois}
 48114 | Temple   | Fell from the grace of Okawaru
 48114 | Temple   | Became a worshipper of the Shining One
 48400 | Depths:1 | Found a one-way gate leading to the halls of Pandemonium.
 48449 | Depths:1 | Reached * piety under the Shining One
 48477 | Depths:1 | Reached ** piety under the Shining One
 48864 | Depths:1 | Noticed Sojobo
 48901 | Depths:1 | Killed Sojobo
 49192 | Depths:1 | Identified the +6 rapier "Juosogutt" {freeze, rElec rPois
                  | Dex+3 Stlth-}
 49192 | Depths:1 | Identified the ring of Moodiness {rN+ Str+4}
 49377 | Depths:1 | Found a runed translucent gate.
 49377 | Depths:1 | Found a runed translucent gate.
 49378 | Depths:1 | Found a runed translucent gate.
 49380 | Depths:1 | Noticed FishyPogo's ghost (adept GnMo)
 49394 | Depths:1 | Killed FishyPogo's ghost
 49799 | Depths:1 | Found a runed translucent door.
 49799 | Depths:1 | Found a runed translucent door.
 49799 | Depths:1 | Found a runed translucent door.
 49927 | Depths:1 | Reached *** piety under the Shining One
 49947 | Depths:1 | Gained mutation: Potions are less effective at restoring
                  | your health. [a shining eye]
 50176 | Depths:1 | Found a gateway to Hell.
 50470 | Depths:2 | You fall into a shaft and drop 2 floors!
 51054 | Depths:4 | Reached **** piety under the Shining One
 51173 | Depths:4 | Found a one-way gate to the infinite horrors of the Abyss.
 51462 | Depths:4 | Found Siro's Gadget Shoppe.
 51462 | Depths:4 | Found Ulaisim's Jewellery Boutique.
 51463 | Depths:4 | Found Asecaek's Gadget Shoppe.
 51472 | Depths:4 | Bought a wand of iceblast (6) for 120 gold pieces
 51474 | Depths:4 | Bought an uncursed ring of protection from cold for 325
                  | gold pieces
 51532 | Depths:3 | Reached XP level 25. HP: 225/225 MP: 28/29
 51613 | Depths:3 | Reached skill level 27 in Axes
 52223 | Depths:3 | Reached ***** piety under the Shining One
 52612 | Depths:3 | Got a heavily runed scale mail
 52614 | Depths:3 | Identified the +0 scale mail of the Suburbs {MP+9} (You
                  | found it on level 3 of the Depths)
 52669 | Depths:3 | Was forgiven by Okawaru
 52915 | Depths:3 | Noticed Mara
 52922 | Depths:3 | Noticed Vikmgn's illusion
 52949 | Depths:3 | Killed Mara
 53687 | Depths:2 | Found a runed translucent door.
 53924 | Depths:2 | Reached skill level 10 in Invocations
 54183 | Depths:2 | Reached ****** piety under the Shining One
 54257 | Depths:2 | Found a gateway to a ziggurat.
 54392 | Depths:2 | Identified the ring "Umnaowk" {Wiz Str+4}
 54578 | Depths:2 | Identified the Catalogue of Talismans and Contamination
 54907 | Depths:2 | Reached XP level 26. HP: 230/234 MP: 29/29
 55250 | Depths:5 | Entered Level 5 of the Depths
 55344 | Depths:5 | Noticed a juggernaut
 55357 | Depths:5 | Killed a juggernaut
 55379 | Depths:5 | Noticed a juggernaut
 55394 | Depths:5 | Killed a juggernaut
 55645 | Depths:5 | Identified the +5 trident "Meopeff" {pierce, rElec Int+4}
 55847 | Depths:5 | Found a gate to the Realm of Zot.
 56908 | Crypt:1  | Entered Level 1 of the Crypt
 56991 | Crypt:1  | Got a faintly glowing plate armour
 56992 | Crypt:1  | Identified the +5 plate armour of the Yeti {Slay+4} (You
                  | found it on level 1 of the Crypt)
 58103 | Crypt:2  | Noticed Margery
 58120 | Crypt:2  | Killed Margery
 58179 | Crypt:2  | Found a transporter.
 58594 | Crypt:2  | Found a transporter.
 58700 | Crypt:3  | Entered Level 3 of the Crypt
 58784 | Crypt:3  | Reached XP level 27. HP: 240/240 MP: 30/30
 58787 | Crypt:3  | Found an ancient bone altar of Kikubaaqudgha.
 58874 | Crypt:3  | Identified Cigotuvi's Grimoire of Evil Magic
 58934 | Crypt:3  | Found a staircase to the Tomb.
 58934 | Crypt:3  | Noticed Jory
 58945 | Crypt:3  | Killed Jory
 58989 | Crypt:3  | Got a scorched amethyst amulet
 58989 | Crypt:3  | Got a twitching tin ring
 58989 | Crypt:3  | Got a slimy silver ring
 58995 | Crypt:3  | Identified the ring of Orthodoxy {rN+ Int+7} (You found it
                  | on level 3 of the Crypt)
 58996 | Crypt:3  | Identified the ring "Wophacug" {rN+ Dex+3} (You found it on
                  | level 3 of the Crypt)
 58997 | Crypt:3  | Identified the amulet of Brilliance {rElec rC+++ rN+ Regen+
                  | Str-3} (You found it on level 3 of the Crypt)
 59092 | Crypt:3  | Got a faintly glowing glass ring
 59095 | Crypt:3  | Identified the ring of Waal {rPois Str+3} (You found it on
                  | level 3 of the Crypt)
 59542 | Crypt:3  | Got a brightly glowing silver ring
 59543 | Crypt:3  | Identified the ring "Norups" {rPois rC+ Slay+4} (You found
                  | it on level 3 of the Crypt)
 59582 | Tomb:1   | Entered Level 1 of the Tomb of the Ancients
 59606 | Tomb:1   | Reached skill level 27 in Armour
 59992 | Tomb:1   | Noticed a greater mummy
 60034 | Tomb:1   | Noticed a greater mummy
 60049 | Tomb:1   | Killed a greater mummy
 60414 | Tomb:1   | Killed a greater mummy
 60913 | Slime:1  | Entered Level 1 of the Pits of Slime
 60955 | Slime:1  | Gained mutation: You are resistant to hostile enchantments.
                  | (MR+) [a shining eye]
 60961 | Slime:1  | Gained mutation: You tend to lose your temper in combat. [a
                  | shining eye]
 60963 | Slime:1  | Gained mutation: You are occasionally teleported next to
                  | monsters. [a shining eye]
 60965 | Slime:1  | Gained mutation: Scrolls take you a little longer to read.
                  | [a shining eye]
 60967 | Slime:1  | Gained mutation: You are clumsy. (Dex -2) [a shining eye]
 61075 | Lair:2   | Lost mutation: Scrolls take you a little longer to read.
                  | [potion of mutation]
 61075 | Lair:2   | Lost mutation: You tend to lose your temper in combat.
                  | [potion of mutation]
 61075 | Lair:2   | Lost mutation: You are clumsy. (Dex -2) [potion of
                  | mutation]
 61075 | Lair:2   | Lost mutation: You are resistant to hostile enchantments.
                  | (MR+) [potion of mutation]
 61075 | Lair:2   | Gained mutation: Your body sometimes deteriorates upon
                  | taking damage. [potion of mutation]
 61075 | Lair:2   | Gained mutation: You are somewhat resistant to further
                  | mutation. [potion of mutation]
 61076 | Lair:2   | Lost mutation: You are occasionally teleported next to
                  | monsters. [potion of mutation]
 61076 | Lair:2   | Lost mutation: Potions are less effective at restoring your
                  | health. [potion of mutation]
 61076 | Lair:2   | Lost mutation: Your body sometimes deteriorates upon taking
                  | damage. [potion of mutation]
 61076 | Lair:2   | Gained mutation: You are weak. (Str -2) [potion of
                  | mutation]
 61076 | Lair:2   | Gained mutation: Your body sometimes deteriorates upon
                  | taking damage. [potion of mutation]
 61077 | Lair:2   | Lost mutation: Your body sometimes deteriorates upon taking
                  | damage. [potion of mutation]
 61077 | Lair:2   | Lost mutation: You are somewhat resistant to further
                  | mutation. [potion of mutation]
 61077 | Lair:2   | Lost mutation: You are weak. (Str -2) [potion of mutation]
 61077 | Lair:2   | Gained mutation: You have a somewhat thin skeletal
                  | structure. (Dex +2, Stealth) [potion of mutation]
 61077 | Lair:2   | Gained mutation: You expend magic power (3 MP) to
                  | strengthen your wands. [potion of mutation]
 61473 | Hell     | Entered the Vestibule of Hell
 61473 | Hell     | Noticed Geryon
 61517 | Hell     | Killed Geryon
 61613 | Hell     | Found a gateway to the ashen valley of Gehenna.
 61630 | Hell     | Reached skill level 15 in Invocations
 61693 | Hell     | Found a gateway to the Iron City of Dis.
 61751 | Hell     | Found a gateway to the freezing wastes of Cocytus.
 61829 | Hell     | Found a gateway to the decaying netherworld of Tartarus.
 61856 | Hell     | Noticed Murray
 61874 | Hell     | Killed Murray
 62186 | Tar:1    | Entered Level 1 of Tartarus
 63203 | Tomb:1   | Noticed a greater mummy
 63225 | Tomb:1   | Killed a greater mummy
 63542 | Tomb:1   | Identified the cursed +0 large shield "Jialop" {rPois Int+3
                  | Dex+2}
 63558 | Tomb:1   | Found the amulet of the Air {Inacc +Fly rElec EV+5 RMsl}
 63764 | Tomb:2   | Noticed a greater mummy
 63764 | Tomb:2   | Noticed a greater mummy
 63764 | Tomb:2   | Noticed an ancient lich
 63764 | Tomb:2   | Noticed a greater mummy
 63771 | Tomb:2   | Killed a greater mummy
 63774 | Tomb:2   | Killed a greater mummy
 63775 | Tomb:2   | Killed an ancient lich
 63776 | Tomb:2   | Killed a greater mummy
 64135 | Tomb:1   | Noticed a greater mummy
 64135 | Tomb:1   | Noticed a greater mummy
 64149 | Tomb:1   | Noticed a greater mummy
 64157 | Tomb:1   | Killed a greater mummy
 64199 | Tomb:1   | Noticed a greater mummy
 64215 | Tomb:1   | Killed a greater mummy
 64219 | Tomb:1   | Noticed a greater mummy
 64229 | Tomb:1   | Killed a greater mummy
 64422 | Tomb:1   | Noticed a greater mummy
 64422 | Tomb:1   | Noticed a greater mummy
 64433 | Tomb:1   | Killed a greater mummy
 64437 | Tomb:1   | Noticed a greater mummy
 64440 | Tomb:1   | Killed a greater mummy
 64449 | Tomb:1   | Killed a greater mummy
 64647 | Tomb:1   | Noticed a greater mummy
 64670 | Tomb:1   | Killed a greater mummy
 64699 | Tomb:1   | Killed a greater mummy
 64788 | Tomb:1   | Noticed a greater mummy
 64789 | Tomb:1   | Noticed a greater mummy
 64795 | Tomb:1   | Noticed a greater mummy
 66889 | Tar:2    | Identified the +5 large shield of Instinct {-Cast rElec
                  | rF+}
 70291 | Tar:5    | Gained mutation: You have very sharp teeth. [mutagenic
                  | glow]
 70322 | Tar:5    | Gained mutation: You do not regenerate when monsters are
                  | visible. [mutagenic glow]
 70388 | Tar:5    | Gained mutation: Your spells are a little easier to cast,
                  | but a little less powerful. [mutagenic glow]
 70927 | Tar:7    | Entered Level 7 of Tartarus
 71109 | Tar:7    | Noticed Ereshkigal
 71157 | Tar:7    | Killed Ereshkigal
 71165 | Tar:7    | Got a slimy plate armour
 71167 | Tar:7    | Identified the +0 plate armour "Metaig" {rC+ rN++ Int-4
                  | Dex+2} (You found it on level 7 of Tartarus)
 71449 | Tar:7    | Got a bone rune of Zot
 71505 | Tar:7    | Noticed an ancient lich
 71507 | Tar:7    | Noticed an ancient lich
 71512 | Tar:7    | Killed an ancient lich
 71515 | Tar:7    | Killed an ancient lich
 71998 | Snake:1  | Identified a +4 executioner's axe of holy wrath (a +2
                  | executioner's axe of draining blessed by the Shining One)
 71998 | Snake:1  | Received a gift from the Shining One
 72332 | Coc:1    | Entered Level 1 of Cocytus
 72459 | Coc:1    | Identified the +6 large shield of the Cuttlefish {rCorr
                  | SInv}
 72795 | Coc:3    | Identified the cursed +0 large shield of Action {+Fly}
 72944 | Coc:7    | Entered Level 7 of Cocytus
 73363 | Coc:7    | Lost mutation: Your spells are a little easier to cast, but
                  | a little less powerful. [potion of mutation]
 73363 | Coc:7    | Lost mutation: You expend magic power (3 MP) to strengthen
                  | your wands. [potion of mutation]
 73363 | Coc:7    | Lost mutation: You have very sharp teeth. [potion of
                  | mutation]
 73363 | Coc:7    | Lost mutation: You do not regenerate when monsters are
                  | visible. [potion of mutation]
 73363 | Coc:7    | Gained mutation: You do not regenerate when monsters are
                  | visible. [potion of mutation]
 73363 | Coc:7    | Gained mutation: You are partially covered in large bone
                  | plates. (SH +4) [potion of mutation]
 73364 | Coc:7    | Lost mutation: You do not regenerate when monsters are
                  | visible. [potion of mutation]
 73364 | Coc:7    | Lost mutation: You have a somewhat thin skeletal structure.
                  | (Dex +2, Stealth) [potion of mutation]
 73364 | Coc:7    | Gained mutation: Your spells are a little harder to cast,
                  | but a little more powerful. [potion of mutation]
 73364 | Coc:7    | Gained mutation: Your mind is acute. (Int +2) [potion of
                  | mutation]
 74116 | Coc:7    | Reached skill level 27 in Shields
 74286 | Coc:7    | Identified the ring "Otwiuraf" {rElec SInv Stlth+}
 74286 | Coc:7    | Noticed Antaeus
 74316 | Coc:7    | Killed Antaeus
 74337 | Coc:7    | Got an icy rune of Zot
 74523 | Dis:1    | Entered Level 1 of the Iron City of Dis
 74897 | Dis:1    | Reached skill level 27 in Fighting
 74951 | Dis:1    | Gained mutation: Scrolls take you a little longer to read.
                  | [mutagenic glow]
 75804 | Tomb:1   | Killed a greater mummy
 75946 | Tomb:1   | Killed a greater mummy
 75952 | Tomb:1   | Killed a greater mummy
 76142 | Tomb:1   | Killed a greater mummy
 76255 | Tomb:3   | Entered Level 3 of the Tomb of the Ancients
 76267 | Tomb:3   | Noticed Boris
 76271 | Tomb:3   | Killed Boris
 76306 | Tomb:3   | Noticed a greater mummy
 76345 | Tomb:3   | Noticed a greater mummy
 76345 | Tomb:3   | Noticed an ancient lich
 76348 | Tomb:3   | Noticed a greater mummy
 76349 | Tomb:3   | Noticed a greater mummy
 76354 | Tomb:3   | Killed an ancient lich
 76371 | Tomb:3   | Noticed a greater mummy
 76371 | Tomb:3   | Noticed a greater mummy
 76375 | Tomb:3   | Killed a greater mummy
 76375 | Tomb:3   | Killed a greater mummy
 76377 | Tomb:3   | Killed a greater mummy
 76379 | Tomb:3   | Killed a greater mummy
 76389 | Tomb:3   | Killed a greater mummy
 76573 | Tomb:3   | Noticed a greater mummy
 76576 | Tomb:3   | Killed a greater mummy
 76585 | Tomb:3   | Killed a greater mummy
 76613 | Tomb:3   | Noticed an ancient lich
 76621 | Tomb:3   | Killed an ancient lich
 76657 | Tomb:3   | Got a golden rune of Zot
 76920 | Tomb:3   | Identified the Handbook of Earthen Beguiling
 76939 | Tomb:3   | Got a transparent pewter amulet
 76942 | Tomb:3   | Identified the amulet of Osyf {rC++ Regen+ Str-4 Int+3}
                  | (You found it on level 3 of the Tomb of the Ancients)
 76947 | Tomb:3   | Got a warped steel ring
 76952 | Tomb:3   | Identified the ring of Lirchuzu {+Fly rPois Str+4 Dex-2}
                  | (You found it on level 3 of the Tomb of the Ancients)
 77736 | Dis:3    | Found a huge runed gate.
 77736 | Dis:3    | Found a huge runed gate.
 77736 | Dis:3    | Found a huge runed gate.
 77736 | Dis:3    | Found a huge runed gate.
 77736 | Dis:3    | Found a huge runed gate.
 77736 | Dis:3    | Found a huge runed gate.
 77736 | Dis:3    | Found a huge runed gate.
 77736 | Dis:3    | Found a huge runed gate.
 77736 | Dis:3    | Found a huge runed gate.
 77744 | Dis:3    | Found a huge runed gate.
 77744 | Dis:3    | Found a huge runed gate.
 78850 | Dis:7    | Entered Level 7 of the Iron City of Dis
 78887 | Dis:7    | HP: 4/270 [iron giant/+0 giant spiked club (24)]
 79352 | Dis:7    | Lost mutation: Your mind is acute. (Int +2) [a cacodemon]
 79510 | Dis:7    | Identified the cursed +0 large shield of Cudyhaon {rF+
                  | Str+2}
 79631 | Dis:7    | Identified the +4 staff of Dispater
 79631 | Dis:7    | Noticed Dispater
 79669 | Dis:7    | Killed Dispater
 79714 | Dis:7    | Got an iron rune of Zot
 79808 | Dis:7    | Reached skill level 27 in Invocations
 80246 | Depths:4 | Bought an uncursed ring of protection from fire for 325
                  | gold pieces
 80367 | Geh:1    | Entered Level 1 of Gehenna
 80541 | Geh:2    | Reached skill level 1 in Transmutations
 80548 | Geh:2    | Cast into level 2 of the Abyss (hell knight)
 80612 | Geh:2    | Escaped the Abyss
 81413 | Geh:7    | Entered Level 7 of Gehenna
 81797 | Geh:7    | Noticed the Serpent of Hell
 81806 | Geh:7    | Killed the Serpent of Hell
 81934 | Geh:7    | Got a pitted lapis lazuli ring
 81962 | Geh:7    | Identified the +4 large shield of Purpose {+Fly Int+2 SInv}
 81992 | Geh:7    | HP: 5/273 [something/damnation (52)]
 81993 | Geh:7    | Identified the +7 sceptre of Asmodeus
 81993 | Geh:7    | Noticed Asmodeus
 82121 | Geh:7    | Gained mutation: You occasionally shout uncontrollably at
                  | your foes. [mutagenic glow]
 82147 | Geh:7    | Lost mutation: Your spells are a little harder to cast, but
                  | a little more powerful. [mutagenic glow]
 82246 | Geh:7    | Killed Asmodeus
 82269 | Geh:7    | Got an obsidian rune of Zot
 82270 | Geh:7    | Identified the Grimoire of Dusty Conjuration
 82394 | Geh:7    | Identified the ring "Ledalagide" {rPois rF+ MR+++ Int-3
                  | Dex+2} (You found it on level 7 of Gehenna)
 82553 | Pan      | Entered Pandemonium
 83013 | Pan      | Noticed Biug the pandemonium lord
 83024 | Pan      | Killed Biug the pandemonium lord
 83181 | Pan      | Identified the cursed -6 large shield of the Pink Corner
                  | {*Contam rPois rC++ Str+2}
 83493 | Pan      | Noticed Pistreno the pandemonium lord
 83503 | Pan      | Killed Pistreno the pandemonium lord
 83806 | Pan      | Got a demonic rune of Zot
 83807 | Pan      | Identified Tomelem's Compendium of Cloudy Summoning
 83923 | Pan      | Noticed Xouhipt the pandemonium lord
 83937 | Pan      | Killed Xouhipt the pandemonium lord
 84130 | Pan      | Reached skill level 27 in Dodging
 84469 | Pan      | Entered the realm of Mnoleg.
 84471 | Pan      | Gained mutation: Your movements are slightly less
                  | encumbered by armour. (ER -2) [a cacodemon]
 84490 | Pan      | Paralysed by a floating eye for 3 turns
 84494 | Pan      | Lost intelligence.
 84517 | Pan      | Gained mutation: You sometimes yell uncontrollably at your
                  | foes. [a cacodemon]
 84521 | Pan      | Noticed Mnoleg
 84523 | Pan      | Reached skill level 10 in Evocations
 84533 | Pan      | Killed Mnoleg
 84543 | Pan      | Paralysed by a floating eye for 3 turns
 84561 | Pan      | Lost intelligence.
 84594 | Pan      | Gained mutation: Your magical capacity is low. (-10% MP) [a
                  | neqoxec]
 84631 | Pan      | Found an exit through the horrors of the Abyss.
 84748 | Pan      | Gained mutation: Your spells are a little easier to cast,
                  | but a little less powerful. [a neqoxec]
 85148 | Pan      | Gained mutation: Scrolls take you longer to read. [a
                  | neqoxec]
 85200 | Pan      | Got a glowing rune of Zot
 85264 | Pan      | Noticed Nourar the pandemonium lord
 85272 | Pan      | Killed Nourar the pandemonium lord
 85301 | Pan      | Entered the realm of Cerebov.
 85620 | Pan      | Got a coiled lapis lazuli ring
 85623 | Pan      | Identified the ring of Sovereignty {+Inv Str+9 Dex-5 Slay+3
                  | Stlth+} (You found it in Pandemonium)
 85703 | Pan      | Identified the +6 sword of Cerebov {flame}
 85703 | Pan      | Noticed Cerebov
 85721 | Pan      | Killed Cerebov
 85842 | Pan      | Got a fiery rune of Zot
 85921 | Pan      | Got a smoking lapis lazuli ring
 85923 | Pan      | Identified the ring of Ruuduisch {rElec AC+6} (You found it
                  | in Pandemonium)
 85929 | Pan      | Identified the Almanac of Earthen Transformation
 86492 | Pan      | Noticed Bevap the pandemonium lord
 86508 | Pan      | Killed Bevap the pandemonium lord
 86511 | Pan      | Reached skill level 1 in Long Blades
 86543 | Pan      | Noticed Fecud the pandemonium lord
 86552 | Pan      | Reached skill level 15 in Evocations
 86560 | Pan      | Lost intelligence.
 86575 | Pan      | Killed Fecud the pandemonium lord
 86632 | Pan      | Found an exit through the horrors of the Abyss.
 86648 | Pan      | Gained mutation: Armour fits poorly on your strangely
                  | shaped body. [a neqoxec]
 86671 | Pan      | Entered the realm of Gloorx Vloq.
 86696 | Pan      | Noticed Gloorx Vloq
 86712 | Pan      | Killed Gloorx Vloq
 86783 | Pan      | Got a dark rune of Zot
 87106 | Pan      | Entered the realm of Lom Lobon.
 87143 | Pan      | Noticed Lom Lobon
 87175 | Pan      | Killed Lom Lobon
 87230 | Pan      | Got a magical rune of Zot
 87930 | Pan      | Lost intelligence.
 88030 | Pan      | Found an exit through the horrors of the Abyss.
 88201 | Pan      | Gained mutation: You tend to lose your temper in combat. [a
                  | cacodemon]
 88205 | Pan      | Gained mutation: Your magical capacity is very low. (-20%
                  | MP) [a cacodemon]
 88211 | Pan      | Noticed Leqiatag the pandemonium lord
 88230 | Pan      | Killed Leqiatag the pandemonium lord
 88237 | Pan      | Got a brightly glowing golden ring
 88362 | Depths:1 | Escaped Pandemonium
 88673 | D:5      | Fell from the grace of the Shining One
 88673 | D:5      | Became a worshipper of Zin the Law-Giver
 88673 | D:5      | Reached * piety under Zin
 88673 | D:5      | Reached ** piety under Zin
 88673 | D:5      | Reached *** piety under Zin
 88673 | D:5      | Reached **** piety under Zin
 88673 | D:5      | Reached ***** piety under Zin
 88677 | D:5      | Donated 5686 gold pieces to Zin
 88901 | Lair:1   | Reached ****** piety under Zin
 88902 | Lair:1   | Lost mutation: Armour fits poorly on your strangely shaped
                  | body. [potion of mutation]
 88902 | Lair:1   | Lost mutation: You tend to lose your temper in combat.
                  | [potion of mutation]
 88902 | Lair:1   | Lost mutation: Scrolls take you longer to read. [potion of
                  | mutation]
 88902 | Lair:1   | Lost mutation: You are partially covered in large bone
                  | plates. (SH +4) [potion of mutation]
 88903 | Lair:1   | Lost mutation: Your magical capacity is very low. (-20% MP)
                  | [potion of mutation]
 88903 | Lair:1   | Lost mutation: Your movements are slightly less encumbered
                  | by armour. (ER -2) [potion of mutation]
 88903 | Lair:1   | Lost mutation: Your magical capacity is low. (-10% MP)
                  | [potion of mutation]
 88908 | Lair:1   | Lost mutation: Your spells are a little easier to cast, but
                  | a little less powerful. [potion of mutation]
 88908 | Lair:1   | Lost mutation: Scrolls take you a little longer to read.
                  | [potion of mutation]
 89309 | Slime:5  | Entered Level 5 of the Pits of Slime
 89386 | Slime:5  | Found a viscous altar of Jiyva.
 89386 | Slime:5  | Noticed the Royal Jelly
 89909 | Slime:5  | Killed the Royal Jelly
 90254 | Slime:5  | Identified Geschy's Almanac of Dislocated Darkness
 90278 | Slime:5  | Got a slimy rune of Zot
 90345 | Slime:5  | Identified the ring "Teohuin" {rN+ MR+} (You found it in
                  | Pandemonium)
 91000 | Depths:4 | Voluntarily entered the Abyss.
 91026 | Abyss:1  | Found a corrupted altar of Lugonu.
 91343 | Abyss:2  | Identified the +5 large shield of Noughts and Crosses
                  | {Dex+3}
 91353 | Depths:4 | Escaped the Abyss
 91442 | Depths:4 | Voluntarily entered the Abyss.
 91746 | Abyss:2  | Found a corrupted altar of Lugonu.
 92327 | Abyss:2  | Paralysed by accursed screaming for 1 turns
 92409 | Abyss:2  | Found an ornate altar of the Wu Jian Council.
 92655 | Abyss:3  | Found a runed translucent door.
 92720 | Abyss:3  | Paralysed by accursed screaming for 1 turns
 93221 | Abyss:4  | Found a corrupted altar of Lugonu.
 93230 | Abyss:4  | Got an abyssal rune of Zot
 93516 | Depths:4 | Escaped the Abyss
 93650 | Tar:2    | Lost intelligence.
 93690 | Depths:1 | Lost intelligence.
 93795 | Zot:1    | Entered Level 1 of the Realm of Zot
 93823 | Zot:1    | Noticed an orb of fire
 93836 | Zot:1    | Killed an orb of fire
 93859 | Zot:1    | Found a transporter.
 93863 | Zot:1    | Noticed an ancient lich
 93879 | Zot:1    | Found a transporter.
 93900 | Zot:1    | Killed an ancient lich
 94092 | Zot:1    | Got a heavily runed iron amulet
 94099 | Zot:1    | Identified the amulet of Twilight {Harm *Drain rElec rC++
                  | rN+ Dex-2 Stlth+} (You found it on level 1 of the Realm of
                  | Zot)
 94108 | Zot:1    | Got a pair of shimmering boots
 94112 | Zot:1    | Identified the +1 pair of boots "Fitwe" {rPois rN+} (You
                  | found it on level 1 of the Realm of Zot)
 94676 | Zot:5    | Entered Level 5 of the Realm of Zot
 94999 | Zot:5    | HP: 12/273 [Orb Guardian (25)]
 95001 | Zot:5    | Mangled by an Orb Guardian

Levels and vault maps discovered:
D:1:      shiori_arrival_elements, layout_basic, corexii_item_surrounded_by_moat
D:2:      layout_basic, serial_bayou_pond_a
D:3:      layout_loops_ring, nicolae_overflow_hidden_temple,
          nemelex_xobeh_ov_fountains_minmay, nicolae_qazlal_general_emergency,
          uniq_sigmund, uniq_jessica
D:4:      layout_loops_ring, kennysheep_little_box, first_ration,
          roderic_lattice_a, roderic_roman_lattice, tgw_sif
D:5:      layout_rooms, nicolae_overflow_crystal_walls, basic_altar,
          st_stairs_14, mrwooster_statue_mirror, minmay_checkerbox
D:6:      layout_basic, marbit_many_paths, minmay_temple_entry_statues_pillars,
          nicolae_ru_sacrificial_ziggurat
D:7:      layout_loops_ring, elyvilon_altar_3, basic_altar, uniq_duvessa
D:8:      layout_cave_pods, dancing_weapons_uskayaw, overflow_temple_1_default,
          serial_shops, nicolae_shop_waterfront, hangedman_little_slice_of_home,
          hangedman_feature_mirror, kennysheep_generic_room_4
D:9:      layout_stronghold, basic_altar
D:10:     layout_loops_ring, dpeg_lair_monsters, gammafunk_ghost_hive
D:11:     layout_loops_corners
D:12:     layout_roguey, portal_ice_cave_demonic_guard, enter_bailey_6
D:13:     layout_cave_pods, skrybe_vaults_entry_preservation, uniq_maurice
D:14:     layout_rooms, enter_bailey_2, fountainhead
D:15:     gammafunk_enter_depths_forms, layout_cave_pools,
          nicolae_dithmenos_shadow_blocks, uniq_louise, uniq_rupert
Temple:   nicolae_temple_figure_eight
Lair:1:   layout_regular_city
Lair:2:   layout_long_grid
Lair:3:   beast_lair_carwin_large_2, layout_loops_ring, swamp_mist,
          lemuel_fruit_fields, serial_bayou_shore_a, grunt_megastairs_3,
          infiniplex_staircase_pool_2
Lair:4:   layout_cave_pods, dummy_snake_entry, infiniplex_staircase_pool,
          uniq_kirke
Lair:5:   layout_hall_layers, slime_altar_2, grunt_forest_stairs_clearing
Lair:6:   grunt_lair_end_beastmaster, layout_gridlike, uniq_nessos
Swamp:1:  layout_basic_swamp, nicolae_swamp_round_clearing, uniq_frances
Swamp:2:  layout_basic_swamp, evilmike_swamp_ruin_house_3, swamp_pool2,
          hangedman_swamp_muck
Swamp:3:  layout_falls_marsh, nicolae_swamp_trees_clearing
Swamp:4:  swamp_old_school, layout_basic_swamp, gammafunk_ghost_grave
Snake:1:  layout_chambers, drop_trap, serial_bayou_shore_b, serial_bayou_shore_b
Snake:2:  layout_rooms, basic_altar, minmay_shop_star
Snake:3:  layout_onion, library_closet
Snake:4:  johnstein_snake_rune_scales, layout_grid_shapes, serial_shops,
          bzr_entry_islet, basic_altar, uniq_aizul, uniq_bai_suzhen
Slime:1:  layout_caves
Slime:2:  layout_caves, nicolae_slime_round_cave
Slime:3:  layout_caves, basic_altar
Slime:4:  layout_caves
Slime:5
Orc:1:    layout_diamond_mine
Orc:2:    st_orc_rangers, layout_caves
Elf:1:    elf_arrival_001, layout_geoelf_octagon, minmay_elf_annihilation,
          uniq_azrael, uniq_jorgrun
Elf:2:    layout_geoelf_octagon, uniq_roxanne
Elf:3:    minmay_elf_hall_spiked, layout_onion_city, minivault_28
Vaults:1: nicolae_vaults_yaktaur_gun_rack, nicolae_vaults_octagons, v_misc_2,
          vaults_dpeg_encased_lava, grunt_vaults_diagonal, grunt_vaults_focal,
          v_pattern_3, nicolae_vaults_windows_and_doors_thing,
          nicolae_vaults_little_squares_6, vaults_room_pool, vaults_dpeg_hooks,
          layout_vaults_omnibox, serial_shops, nicolae_shop_statue_plus
Vaults:2: nicolae_vaults_little_squares_4, nicolae_vaults_shelves_hall,
          v_misc_12, nicolae_vaults_ninety_degrees, hangedman_vaults_slither,
          grunt_vaults_funnel, vaults_room_pool,
          nicolae_vaults_network_quinsquares
          [nicolae_vaults_network_quincunx_subvault,
          nicolae_vaults_network_quincunx_subvault,
          nicolae_vaults_network_quincunx_subvault,
          nicolae_vaults_network_quincunx_subvault], v_misc_30,
          vaults_room_door_ring, ontoclasm_vaults_twist,
          layout_vaults_maze_bifur, uniq_saint_roka, uniq_boris
Vaults:3: vaults_room_hallway, nicolae_vaults_diagonal_hallway_6,
          v_alt_pattern_2, nicolae_vaults_circle_grid_a,
          nicolae_vaults_border_crossing, vaults_room_grid,
          hangedman_vaults_slice, nicolae_vaults_little_squares_2,
          blue_anna_dwarven_crypt, st_more_cells,
          nicolae_vaults_diagonal_hallway_6, nicolae_vaults_mini_display_case,
          layout_vaults_omnigrid, serial_shops, shop, shop,
          nicolae_shop_window_shopping, shop, uniq_nikola
Vaults:4: nicolae_vaults_display_case, grunt_vaults_hallway_long,
          vaults_mumra_hex, nicolae_vaults_diagonal_hallway_9, v_rooms_6,
          nicolae_vaults_network_square, vaults_room_boxed,
          hangedman_vaults_capsules, nicolae_vaults_three_branches, v_misc_22,
          ontoclasm_vaults_claustrophobia, vaults_room_semicircle,
          layout_vaults_ring
Vaults:5
Crypt:1:  layout_basic, grunt_crypt_arrival_split
Crypt:2:  gammafunk_sealed_arena, layout_misc_corridors,
          roderic_lattice_octagonal_star, uniq_margery
Crypt:3:  grunt_crypt_end_deaths_head
Tomb:1
Tomb:2
Tomb:3:   uniq_jory
Depths:1: minmay_the_grid_triangle_9x9_line_8_mashed
          [minmay_the_grid_triangle_9x9_warning,
          minmay_the_grid_triangle_9x9_steps,
          minmay_the_grid_triangle_9x9_longest,
          minmay_the_grid_triangle_9x9_fully_insulated_deathbox,
          minmay_the_grid_triangle_9x9_semitri,
          minmay_the_grid_triangle_9x9_checkered,
          minmay_the_grid_triangle_9x9_alien,
          minmay_the_grid_triangle_9x9_prize_center], layout_long_grid,
          ebering_ghost_rock_garden, rand_demon_pan_entry_3,
          grunt_hell_entry_dis_mu, uniq_sojobo
Depths:2: box_level_dp, serial_shops, hell_entry
Depths:3: cell_vault, layout_cave_pools, grunt_decor_one_mirror, pan_entry,
          pf_dread_powers_of_hell, uniq_mara
Depths:4: dpeg_oklob_gauntlet, layout_gridville, hell_entry,
          abyss_entry_glasseish, minmay_staircase_statues, minmay_shop_grove
Depths:5: grunt_zot_entry_tricorne, layout_honeycomb, hell_entry,
          grunt_decor_cap
Hell
Dis:1:    layout_jigsaw
Dis:2:    layout_gridville, hangedman_dis_decor_blocks_talon
Dis:3:    layout_jigsaw, door_vault
Dis:4:    layout_overlapping_boxes
Dis:5:    layout_gridville, hangedman_dis_chains, grunt_megastairs_1
Dis:6:    layout_subdivisions
Dis:7:    iron_city_of_dis [dis_mu, dis_wall_2], layout_chaotic_city
Geh:1:    layout_gehenna_pools_triple, nicolae_geh_sunburst
Geh:2:    layout_gehenna_lava_caves
Geh:3:    layout_gehenna_pools_triple, grunt_megastairs_2
Geh:4:    layout_gehenna_pools_basic
Geh:5:    layout_gehenna_lava_caves
Geh:6:    layout_gehenna_pools_basic, lemuel_old_faithful
Geh:7:    geh_grunt
Coc:1:    layout_cocytus_water_paths
Coc:2:    layout_ice_bergs
Coc:3:    layout_cocytus_water_paths
Coc:4:    layout_cocytus_water_paths
Coc:5:    layout_cocytus_water_paths
Coc:6:    layout_ice_bergs
Coc:7:    coc_grunt
Tar:1:    layout_catacombs
Tar:2:    layout_grid_maze
Tar:3:    layout_grid_maze
Tar:4:    layout_cathedral_of_symmetry
Tar:5:    layout_grid_maze, nicolae_tar_cuneiform_two
Tar:6:    grunt_deathspiral_small, layout_cathedral_of_symmetry
Tar:7:    tar_grunt_cathedral
Zot:1:    gammafunk_the_bubble [the_bubble_gammafunk_grid], layout_gridlike
Zot:2:    layout_onion_interference, grunt_megastairs_5
Zot:3:    layout_twisted_circle, st_small_dragon_hoard_3
Zot:4:    layout_onion_interference
Zot:5:    layout_twisted_circle, hangedman_zot_diagonal_lockstep

Skill      XL: |  1  2  3  4  5  6  7  8  9 10 11 12 13 14 15 16 17 18 19 20 21 22 23 24 25 26 27 |
---------------+----------------------------------------------------------------------------------+-----
Axes           | 3 4 5 6 7 9 11 13 15 16 17 19 20 21 24 26 27 | 27.0
Invocations    | 1 3 4 5 6 7 8 9 10 27 | 27.0
Armour         | 9 12 13 14 15 17 18 22 26 27 | 27.0
Dodging        | 1 4 5 7 8 10 12 13 16 18 27 | 27.0
Shields        | 4 9 12 14 15 16 21 24 25 27 | 27.0
Fighting       | 6 11 16 17 18 27 | 27.0
Evocations     | 2 4 6 8 24 | 24.7
Transmutations | 4 |  4.0
Long Blades    | 3 |  3.7
Maces & Flails | |  0.7

Action                   |  1- 3 |  4- 6 |  7- 9 | 10-12 | 13-15 | 16-18 | 19-21 | 22-24 | 25-27 || total
-------------------------+-------+-------+-------+-------+-------+-------+-------+-------+-------++-------
Melee: War axe           |   103 |   128 |   256 |       |       |       |   579 |  1673 |  1059 ||  3798
       Headbutt          |    15 |    21 |    63 |   148 |    95 |   567 |   424 |   624 |  1763 ||  3720
       Broad axe         |       |       |    49 |   664 |   368 |  1911 |  1139 |   150 |  1997 ||  6278
       Hand axe          |       |       |    35 |       |       |       |       |       |       ||    35
       Whip              |       |       |       |       |       |    25 |       |       |       ||    25
       Executioner's axe |       |       |       |       |       |       |       |       |  3394 ||  3394
       Bite              |       |       |       |       |       |       |       |       |   112 ||   112
Throw: Boomerang         |       |     7 |    10 |       |       |     4 |       |       |       ||    21
       Dart              |       |       |     5 |     4 |     5 |    12 |       |       |       ||    26
Invok: Heroism           |       |       |     1 |     7 |     3 |    13 |    13 |     7 |       ||    44
       Finesse           |       |       |       |     4 |     2 |     2 |     4 |     4 |       ||    16
       Divine Shield     |       |       |       |       |       |       |       |     3 |    14 ||    17
       Summon Divine War |       |       |       |       |       |       |       |       |   228 ||   228
       Cleansing Flame   |       |       |       |       |       |       |       |       |    34 ||    34
       Donate Gold       |       |       |       |       |       |       |       |       |     2 ||     2
       Brand Weapon With |       |       |       |       |       |       |       |       |     1 ||     1
 Abil: Evoke Blink       |       |       |       |       |       |       |     2 |     1 |     1 ||     4
       Stop Flying       |       |       |       |       |       |       |       |     1 |     1 ||     2
       Evoke Flight      |       |       |       |       |       |       |       |       |     2 ||     2
Evoke: Wand              |       |       |     1 |       |     8 |    31 |     7 |     4 |       ||    51
  Use: Potion            |       |     2 |     1 |       |     2 |     2 |     2 |     1 |    45 ||    55
       Scroll            |       |       |    12 |     8 |    12 |    16 |    13 |     9 |    46 ||   116
 Stab: Confused          |       |       |       |       |       |     1 |       |       |       ||     1
  Eat: Chunk             |     2 |     6 |     9 |    12 |     3 |    11 |    15 |    13 |    13 ||    84
       Ration            |       |       |     2 |     4 |     3 |     9 |     6 |     6 |    56 ||    86
Armor: Scale mail        |    42 |    33 |    96 |    38 |       |   125 |   202 |   243 |   113 ||   892
       Chain mail        |       |       |       |   128 |       |       |       |       |       ||   128
       Plate armour      |       |       |       |     4 |    85 |   273 |       |       |       ||   362
       Gold dragon scale |       |       |       |       |       |       |       |       |  2256 ||  2256
Dodge: Dodged            |    31 |    30 |    68 |   133 |   108 |   686 |   407 |   503 |  3041 ||  5007
       Deflected         |       |       |       |       |       |    37 |    35 |    24 |   117 ||   213
Block: Shield            |    49 |    54 |   111 |   316 |   211 |  1770 |   759 |       |       ||  3270
       Reflection        |       |       |       |       |       |    97 |   144 |   134 |    60 ||   435
       Large shield      |       |       |       |       |       |       |   672 |  2007 |  3174 ||  5853
       Other             |       |       |       |       |       |       |       |       |   398 ||   398
